 Dungeon Crawl Stone Soup version 0.30.0-20-g3615ddf2f0 (webtiles) character file.

Game seed: 9075272025152183199

58275 qw the Severer (level 14, -10/92 HPs)
             Began as a Gargoyle Fighter on May 27, 2023.
             Was a High Priest of Okawaru.
             Killed from afar by an ophan (49 damage)
             ... with a bolt of fire
             ... on level 1 of the Abyss.
             The game lasted 00:08:44 (17751 turns).

qw the Severer (Gargoyle Fighter)                  Turns: 17751, Time: 00:08:44

Health: -10/92     AC: 38    Str: 24    XL:     14   Next: 89%
Magic:  14/21      EV: 11    Int:  8    God:    Okawaru [*****.]
Gold:   1302       SH: 11    Dex:  9    Spells: 13/13 levels left

rFire   . . .        a - +5 war axe (spect)
rCold   + + .        c - +0 buckler
rNeg    + . .        o - +3 chain mail of Mauhoto {+Inv rC++}
rPois   inf          (no helmet)
rElec   +            l - +0 cloak
rCorr   .            n - +1 pair of gloves {infuse}
SInv    +            k - +0 pair of boots
Will    +....        t - amulet of reflection Stlth
                     g - ring of see invisible
HPRegen 0.35/turn    x - +4 ring of protection
MPRegen 0.17/turn

%: reflection, infuse magic (1 MP)
@: heroic, flying, glowing
A: sickness immunity, AC +10, big wings, negative energy resistance 1,
electricity resistance, torment resistance 1, petrification resistance, hooves
1, dopey 1, mutation resistance 1
a: Renounce Religion, Evoke Invisibility, Heroism, Finesse, Duel


You were on level 1 of the Abyss.
You worshipped Okawaru.
Okawaru was extremely pleased with you.
You visited 3 branches of the dungeon, and saw 17 of its levels.
You visited the Abyss 1 time.
You also visited: Ossuary.

You collected 1302 gold pieces.


Innate Abilities, Weirdness & Mutations

You are immune to sickness and miasma.
Your stone body is resilient. (AC +10)
You are immune to poison.
Your large and strong wings let you fly.
You resist negative energy. (rN+)
You are resistant to electric shocks. (rElec)
You are resistant to unholy torment.
You are immune to petrification.
You have large cloven feet.
You are dopey. (Int -2)
You are somewhat resistant to further mutation.


   Skills:
 - Level 12.0(17.0) Fighting
 + Level 15.6(20.6) Axes
 - Level 3.8(8.8) Throwing
 - Level 13.0(18.0) Armour
 - Level 3.0(8.0) Dodging
 - Level 7.5(12.5) Shields
 - Level 10.0 Invocations


You had 13 spell levels left.
You didn't know any spells.
Your spell library was empty.

Inventory:

Hand Weapons
 a - a +5 spectral war axe (weapon)
 p - a +2 hand axe of flaming
Armour
 c - a +0 buckler (worn)
 j - a +0 plate armour
 k - a +0 pair of boots (worn)
 l - a +0 cloak (worn)
 n - a +1 pair of gloves of infusion (worn)
 o - the +3 chain mail of Mauhoto (worn) {+Inv rC++}
   (Okawaru gifted it to you on level 3 of the Lair of Beasts)

   rC:        It greatly protects you from cold.
   +Inv:      It lets you turn invisible.
 z - +0 acid dragon scales
Jewellery
 g - a ring of see invisible (left hand)
 t - an amulet of reflection (around neck)
 w - a ring of positive energy
 x - a +4 ring of protection (right hand)
Scrolls
 i - 3 scrolls of identify
 u - 6 scrolls of teleportation
Potions
 b - 6 potions of curing
 d - 6 potions of might
 e - 3 potions of lignification
 f - 2 potions of mutation
 h - 2 potions of cancellation
 m - a potion of resistance
 r - a potion of attraction
 v - a potion of heal wounds

Dungeon Overview and Level Annotations

Branches:
Dungeon (11/15)            Temple (1/1) D:5            Lair (5/5) D:10
  Swamp (0/4) Lair:2        Snake (0/4) Lair:2        Slime (0/5) Lair:4
Ossuary (visited)
    Orc: D:9-12

Altars:
Ashenzari
Cheibriados
Dithmenos
Elyvilon
Fedhas
Gozag
Hepliaklqana
Kikubaaqudgha
Makhleb
Nemelex Xobeh
Okawaru
Qazlal
Ru
Sif Muna
Trog
Uskayaw
Vehumet
Wu Jian
Xom
Yredelemnul
Zin
The Shining One
Jiyva
Lugonu

Portals:
Abyss: Lair:2 Lair:5

Annotations:
D:3 1 runed translucent door, qw's ghost, amateur GrCA
D:11 3 runed translucent doors, Erolcha; qw's ghost, journeyman GrFi
Lair:2 2 transporters, qw's ghost, journeyman GrFi


Message History

Your +5 spectral war axe completely misses the smoke demon.
The ophan turns its gaze towards you. You block the smoke demon's attack.
The smoke demon misses you.
The smoke demon hits you but does no damage.
You slice the smoke demon!!
You kill the smoke demon!
Okawaru accepts your kill.
Your +5 spectral war axe disappears.
The ophan calls forth blessed flames!
Blessed fire suddenly surrounds you!
17743 ||| DROPPING +1 leather armour of Sophism {rCorr Str+2 Stlth+}.
You drop the +1 leather armour of Sophism {rCorr Str+2 Stlth+}.
The ophan harnesses the cleansing power of fire!
The bolt of fire hits you!!
17744 ||| INVOKING Heroism.
You gain the combat prowess of a mighty hero.
The ophan harnesses the cleansing power of fire!
The bolt of fire hits you!
Really fly into that cloud of blessed fire?
You are engulfed in blessed fire.
17746 ||| Stepping ~*~*~tactically~*~*~ (hiding).
You start resting.
An ophan is nearby!
You slash the ophan!
The ophan is lightly wounded.
Your +5 spectral war axe hits the ophan!!
You slash the ophan!
The ophan is heavily wounded.
Your +5 spectral war axe hits the ophan!!
Your +5 spectral war axe is engulfed in blessed fire.
Your spectral weapon shares its damage with you!
You hit the ophan but do no damage.
The ophan is severely wounded.
Your +5 spectral war axe misses the ophan.
Your +5 spectral war axe is engulfed in blessed fire.
Your spectral weapon shares its damage with you!
The ophan harnesses the cleansing power of fire!
The bolt of fire hits you!!!
Ouch! That really hurt!
You die...

.# # ## .#.. #
... #.~ ## # #
#.# #. . .
#..### ###.#.
# #.~#.##.##
.# . ##.~#.~#.
.#.# ###
#~¤¤¤~... .. #
#
###@¤[¤~.#.#.
# .
#.~G(#¤#~..#.#
...
.....#...~~~##
\.
#.....#.¤### .
.#. .#
...#...#¤~*
##. # #
..#..#..#~~#
#. . #
#.....#~¤. ..#
....#.#~7~~ #
..


You could see an ophan, a wretched star and a friendly +5 spectral war axe.

Vanquished Creatures
  A hydra (Lair:4)
  2 boulder beetles
  A catoblepas (Lair:5)
  2 two-headed ogres
  14 death yaks
  4 thrashing horrors (Lair:5)
  Pikel (D:5)
  3 manticores
  6 black mambas
  21 elephants
  2 gargoyles
  3 smoke demons
  A torpor snail (Lair:3)
  9 cane toads
  4 komodo dragons
  An unseen horror (D:10)
  A kobold demonologist (D:9)
  3 rime drakes
  A queen bee (shapeshifter) (Lair:5)
  3 ancient zymes (Lair:5)
  2 trolls
  A hellwing (Abyss:1)
  3 polar bears
  7 dream sheep (Lair:4)
  13 blink frogs (Lair:5)
  A large abomination (Lair:5)
  A shadow (D:6)
  12 yaks
  A spriggan (Lair:5)
  15 wyverns
  A hog (shapeshifter) (Lair:5)
  A ynoxinul (Lair:5)
  2 chaos spawn (Lair:5)
  14 basilisks
  9 vampire mosquitoes
  Menkaure (D:5)
  23 water moccasins
  4 acid dragons
  An orc warrior (D:8)
  11 small abominations
  2 ice beasts
  3 sky beasts
  2 black bears (D:6)
  4 ogres
  11 wolves (Lair:1)
  8 centaurs
  A lemure (D:5)
  2 kobold brigands
  12 bullfrogs
  2 gnoll sergeants (D:6)
  5 scorpions
  12 wights
  3 killer bees
  3 electric eels (Lair:4)
  7 howler monkeys
  2 centaur zombies (Ossuary)
  3 human zombies (Ossuary)
  A quasit (Abyss:1)
  3 hounds
  A jelly (D:6)
  7 orc priests
  2 gnoll boudas (D:6)
  An iron imp (Abyss:1)
  Natasha (thrice) (D:2)
  A sleepcap (D:6)
  5 iguanas
  8 orc wizards
  5 hell rats (Lair:4)
  A hound zombie (Ossuary)
  3 mummies (Ossuary)
  17 gnolls
  7 adders
  A shadow imp (Abyss:1)
  4 white imps
  2 ufetubi
  3 adder zombies (Ossuary)
  A worm (D:2)
  5 dart slugs
  18 orcs
  3 bat zombies (D:10)
  5 endoplasms
  3 giant cockroaches
  7 goblins
  9 hobgoblins
  7 jackals
  16 kobolds
  5 quokkas
  5 ball pythons
  6 bats
  A frilled lizard (D:1)
  3 goblin zombies (Ossuary)
  8 hobgoblin zombies (Ossuary)
  2 jackal zombies (Ossuary)
  5 kobold zombies (Ossuary)
  2 orc zombies (Ossuary)
  2 quokka zombies (Ossuary)
  8 rats
  3 rat zombies (Ossuary)
  A lurking horror (Abyss:1)
488 creatures vanquished.

Vanquished Creatures (others)
  4 spectral weapons
4 creatures vanquished.

Grand Total: 492 creatures vanquished

Notes
Turn   | Place    | Note
-------+----------+-------------------------------------------
     0 | D:1      | qw the Gargoyle Fighter began the quest for the Orb.
     0 | D:1      | Reached XP level 1. HP: 14/14 MP: 1/1
     0 | D:1      | 0 ||| qw: Version: 0.2-a-100-g3d2c45e
     0 | D:1      | 0 ||| qw: Game counter: 185
     0 | D:1      | 0 ||| qw: Always use a shield: true
     0 | D:1      | 0 ||| qw: God list: Okawaru
     0 | D:1      | 0 ||| qw: Allow faded altars: false
     0 | D:1      | 0 ||| qw: Do Orc after D:15 true
     0 | D:1      | 0 ||| qw: Do second Lair branch before Depths: true
     0 | D:1      | 0 ||| qw: Lair rune preference: random
     0 | D:1      | 0 ||| qw: Plans: Normal, Zot:1-4, God:TSO, Crypt, Tomb,
                  | Pan, Slime:5, Hells, Abyss, Win
     0 | D:1      | 0 ||| PLANNING D:1-11
    45 | D:1      | Reached skill level 2 in Axes
    84 | D:1      | Reached XP level 2. HP: 16/19 MP: 2/2
   103 | D:1      | 103 ||| Stepping ~*~*~tactically~*~*~ (stealth).
   216 | D:1      | 216 ||| Stepping ~*~*~tactically~*~*~ (hiding).
   223 | D:1      | Reached skill level 3 in Axes
   325 | D:1      | 325 ||| DROPPING +0 club.
   370 | D:1      | Reached XP level 3. HP: 21/23 MP: 3/3
   547 | D:1      | 547 ||| Stepping ~*~*~tactically~*~*~ (stealth).
   548 | D:1      | 548 ||| Stepping ~*~*~tactically~*~*~ (stealth).
   724 | D:1      | 724 ||| READING scroll labelled VOCSIQU DENN.
   725 | D:1      | 725 ||| READING 2 scrolls labelled AMEUCV FUAXESH.
   726 | D:1      | 726 ||| READING scroll labelled QEWNAV KAERERO.
   852 | D:2      | 852 ||| Stepping ~*~*~tactically~*~*~ (stealth).
   975 | D:2      | Noticed Natasha
   986 | D:2      | Killed Natasha
   987 | D:2      | Reached skill level 4 in Axes
   987 | D:2      | Reached XP level 4. HP: 19/28 MP: 4/4
  1116 | D:2      | Found a bloodstained altar of Trog.
  1131 | D:2      | 1131 ||| Stepping ~*~*~tactically~*~*~ (hiding).
  1152 | D:2      | Noticed Natasha
  1153 | D:2      | 1153 ||| Stepping ~*~*~tactically~*~*~ (stealth).
  1155 | D:2      | 1155 ||| Stepping ~*~*~tactically~*~*~ (hiding).
  1165 | D:2      | Killed Natasha
  1388 | D:2      | 1388 ||| Stepping ~*~*~tactically~*~*~ (hiding).
  1389 | D:2      | 1389 ||| Stepping ~*~*~tactically~*~*~ (hiding).
  1394 | D:2      | Reached XP level 5. HP: 32/32 MP: 5/5
  1421 | D:2      | Noticed Natasha
  1422 | D:2      | 1422 ||| Stepping ~*~*~tactically~*~*~ (stealth).
  1424 | D:2      | 1424 ||| Stepping ~*~*~tactically~*~*~ (hiding).
  1433 | D:2      | Killed Natasha
  1656 | D:2      | 1656 ||| UPGRADING to +0 plate armour.
  1666 | D:2      | 1666 ||| DROPPING +0 scale mail.
  1667 | D:2      | 1667 ||| READING scroll labelled VOILOVV QUSKE.
  1688 | D:2      | 1688 ||| READING scroll labelled BUVEES COURADO.
  1816 | D:3      | Found a runed translucent door.
  1817 | D:3      | Noticed qw's ghost (amateur GrCA)
  1878 | D:3      | Found an ornate altar of the Wu Jian Council.
  1919 | D:3      | 1919 ||| Stepping ~*~*~tactically~*~*~ (stealth).
  1978 | D:3      | Reached skill level 5 in Axes
  2005 | D:3      | Found a burning altar of Makhleb.
  2005 | D:3      | Found a glowing silver altar of Zin.
  2010 | D:3      | Noticed an angel
  2010 | D:3      | Noticed a balrug
  2036 | D:3      | 2036 ||| Stepping ~*~*~tactically~*~*~ (stealth).
  2040 | D:3      | 2040 ||| Stepping ~*~*~tactically~*~*~ (stealth).
  2246 | D:3      | Reached skill level 1 in Throwing
  2505 | D:3      | 2505 ||| UPGRADING to +0 cloak.
  2510 | D:3      | 2510 ||| READING scroll labelled WEEWOU JUGUAR.
  2546 | D:4      | 2546 ||| PLANNING OSSUARY
  2565 | D:4      | 2565 ||| Stepping ~*~*~tactically~*~*~ (hiding).
  2566 | D:4      | 2566 ||| Stepping ~*~*~tactically~*~*~ (hiding).
  2637 | D:4      | Noticed an ogre
  2638 | D:4      | 2638 ||| Stepping ~*~*~tactically~*~*~ (stealth).
  2639 | D:4      | 2639 ||| Stepping ~*~*~tactically~*~*~ (stealth).
  2640 | D:4      | 2640 ||| Stepping ~*~*~tactically~*~*~ (stealth).
  2647 | D:4      | Killed an ogre
  2648 | D:4      | Reached XP level 6. HP: 28/39 MP: 6/6
  2693 | D:4      | Found a white marble altar of Elyvilon.
  2788 | D:4      | Found a sand-covered staircase.
  2789 | D:4      | 2789 ||| READING scroll labelled REAKHL JUIJUYMO.
  2790 | D:4      | 2790 ||| READING scroll labelled BACOECOLUU.
  2791 | D:4      | 2791 ||| READING 2 scrolls of identify.
  2791 | D:4      | 2791 ||| IDENTIFYING fuming puce potion
  2799 | Ossuary  | Entered an ossuary
  2807 | Ossuary  | 2807 ||| Stepping ~*~*~tactically~*~*~ (stealth).
  2808 | Ossuary  | 2808 ||| Stepping ~*~*~tactically~*~*~ (stealth).
  2833 | Ossuary  | 2833 ||| FLEEEEING.
  2872 | Ossuary  | 2872 ||| Stepping ~*~*~tactically~*~*~ (stealth).
  2952 | Ossuary  | 2952 ||| Stepping ~*~*~tactically~*~*~ (stealth).
  3060 | Ossuary  | 3060 ||| Stepping ~*~*~tactically~*~*~ (stealth).
  3063 | Ossuary  | 3063 ||| Stepping ~*~*~tactically~*~*~ (stealth).
  3067 | Ossuary  | Reached XP level 7. HP: 44/44 MP: 7/7
  3113 | Ossuary  | Reached skill level 6 in Axes
  3270 | Ossuary  | 3270 ||| READING scroll of enchant weapon.
  3270 | Ossuary  | 3270 ||| ENCHANTING +1 war axe.
  3273 | Ossuary  | 3273 ||| READING scroll of enchant weapon.
  3273 | Ossuary  | 3273 ||| ENCHANTING +2 war axe.
  3298 | Ossuary  | 3298 ||| READING scroll labelled FUHOCU XOKUAN.
  3306 | Ossuary  | 3306 ||| DRINKING 2 smoky brown potions.
  3306 | Ossuary  | Gained mutation: You are dopey. (Int -2) [potion of
                  | mutation]
  3306 | Ossuary  | Gained mutation: You are somewhat resistant to further
                  | mutation. [potion of mutation]
  3306 | Ossuary  | Gained mutation: You have large cloven feet. [potion of
                  | mutation]
  3307 | Ossuary  | 3307 ||| DRINKING 2 clear potions.
  3308 | Ossuary  | 3308 ||| DRINKING 2 orange potions.
  3309 | Ossuary  | 3309 ||| DRINKING potion of curing.
  3309 | Ossuary  | 3309 ||| (to cure confusion)
  3310 | Ossuary  | 3310 ||| DROPPING potion of invisibility.
  3311 | Ossuary  | 3311 ||| DROPPING potion of ambrosia.
  3318 | D:4      | 3318 ||| PLANNING D:1-11
  3318 | D:4      | Identified the +1 robe of Ibudupru {+Blink Str-3 Dex+7}
  3635 | D:4      | 3635 ||| READING 2 scrolls labelled BEAFET CE KYRPH.
  3636 | D:4      | 3636 ||| READING scroll of brand weapon.
  3636 | D:4      | 3636 ||| BRANDING +3 war axe of venom.
  3662 | D:5      | Entered Level 5 of the Dungeon
  3668 | D:5      | 3668 ||| Stepping ~*~*~tactically~*~*~ (stealth).
  3670 | D:5      | 3670 ||| Stepping ~*~*~tactically~*~*~ (hiding).
  3684 | D:5      | 3684 ||| DROPPING +0 whip.
  3724 | D:5      | 3724 ||| DROPPING +0 mace of protection.
  3725 | D:5      | 3725 ||| DROPPING +0 flail.
  3796 | D:5      | Found a sparkling altar of Nemelex Xobeh.
  3816 | D:5      | Found a staircase to the Ecumenical Temple.
  3817 | D:5      | 3817 ||| PLANNING TEMPLE
  3817 | D:5      | 3817 ||| READING scroll labelled MYBBOE ONUICS.
  3818 | D:5      | 3818 ||| DRINKING 3 black potions.
  3827 | Temple   | Entered the Ecumenical Temple
  3970 | Temple   | 3970 ||| PLANNING D:1-11
  4032 | D:5      | Reached skill level 7 in Axes
  4053 | D:5      | Found a basalt altar of Yredelemnul.
  4070 | D:5      | Noticed Pikel
  4071 | D:5      | 4071 ||| Stepping ~*~*~tactically~*~*~ (stealth).
  4074 | D:5      | 4074 ||| Stepping ~*~*~tactically~*~*~ (stealth).
  4075 | D:5      | 4075 ||| Stepping ~*~*~tactically~*~*~ (stealth).
  4076 | D:5      | 4076 ||| Stepping ~*~*~tactically~*~*~ (stealth).
  4084 | D:5      | Killed Pikel
  4085 | D:5      | Reached XP level 8. HP: 48/53 MP: 8/8
  4146 | D:5      | Found a shimmering blue altar of Sif Muna.
  4146 | D:5      | Found a hazy altar of Hepliaklqana.
  4261 | D:5      | Found a blossoming altar of Fedhas.
  4264 | D:5      | 4264 ||| Stepping ~*~*~tactically~*~*~ (stealth).
  4300 | D:5      | Reached skill level 1 in Dodging
  4342 | D:5      | Noticed Menkaure
  4347 | D:5      | Killed Menkaure
  4604 | D:5      | 4604 ||| UPGRADING to +0 pair of boots.
  4609 | D:5      | 4609 ||| DRINKING 2 green potions.
  4610 | D:5      | 4610 ||| DRINKING 2 blue potions.
  4611 | D:5      | 4611 ||| DROPPING potion of brilliance.
  4612 | D:5      | 4612 ||| DROPPING potion of magic.
  4692 | D:6      | 4692 ||| Stepping ~*~*~tactically~*~*~ (hiding).
  4694 | D:6      | 4694 ||| Stepping ~*~*~tactically~*~*~ (hiding).
  4739 | D:6      | Reached XP level 9. HP: 57/57 MP: 9/9
  4753 | D:6      | Reached skill level 8 in Axes
  4791 | D:6      | 4791 ||| FLEEEEING.
  4975 | D:6      | Identified the +1 leather armour of Sophism {rCorr Str+2
                  | Stlth+}
  5051 | D:6      | Noticed a manticore
  5058 | D:6      | Killed a manticore
  5059 | D:6      | Reached skill level 9 in Axes
  5128 | D:6      | Reached skill level 6 in Armour
  5163 | D:6      | 5163 ||| READING scroll of enchant weapon.
  5163 | D:6      | 5163 ||| ENCHANTING +3 spectral war axe.
  5192 | D:6      | 5192 ||| Stepping ~*~*~tactically~*~*~ (hiding).
  5195 | D:6      | 5195 ||| Stepping ~*~*~tactically~*~*~ (hiding).
  5263 | D:6      | 5263 ||| Stepping ~*~*~tactically~*~*~ (hiding).
  5266 | D:6      | 5266 ||| Stepping ~*~*~tactically~*~*~ (hiding).
  5280 | D:6      | Reached skill level 10 in Axes
  5578 | D:6      | 5578 ||| Stepping ~*~*~tactically~*~*~ (hiding).
  5579 | D:6      | 5579 ||| Stepping ~*~*~tactically~*~*~ (hiding).
  5581 | D:6      | 5581 ||| Stepping ~*~*~tactically~*~*~ (hiding).
  5582 | D:6      | 5582 ||| Stepping ~*~*~tactically~*~*~ (hiding).
  5809 | D:6      | Reached XP level 10. HP: 64/64 MP: 10/10
  5857 | D:6      | 5857 ||| Stepping ~*~*~tactically~*~*~ (stealth).
  5859 | D:6      | 5859 ||| Stepping ~*~*~tactically~*~*~ (stealth).
  5861 | D:6      | 5861 ||| Stepping ~*~*~tactically~*~*~ (stealth).
  5874 | D:6      | 5874 ||| Stepping ~*~*~tactically~*~*~ (stealth).
  5877 | D:6      | 5877 ||| Stepping ~*~*~tactically~*~*~ (water).
  5883 | D:6      | Found a shimmering altar of Xom.
  5899 | D:6      | 5899 ||| DRINKING 2 sapphire potions.
  5924 | D:6      | 5924 ||| READING 2 scrolls of identify.
  5924 | D:6      | 5924 ||| IDENTIFYING bubbling puce potion
  5925 | D:6      | 5925 ||| DRINKING potion of experience.
  5925 | D:6      | Reached XP level 11. HP: 68/68 MP: 11/11
  6018 | D:7      | 6018 ||| Stepping ~*~*~tactically~*~*~ (hiding).
  6019 | D:7      | 6019 ||| Stepping ~*~*~tactically~*~*~ (hiding).
  6036 | D:7      | 6036 ||| Stepping ~*~*~tactically~*~*~ (stealth).
  6039 | D:7      | 6039 ||| Stepping ~*~*~tactically~*~*~ (stealth).
  6077 | D:7      | 6077 ||| Stepping ~*~*~tactically~*~*~ (stealth).
  6078 | D:7      | 6078 ||| Stepping ~*~*~tactically~*~*~ (stealth).
  6080 | D:7      | 6080 ||| Stepping ~*~*~tactically~*~*~ (hiding).
  6082 | D:7      | 6082 ||| Stepping ~*~*~tactically~*~*~ (hiding).
  6083 | D:7      | 6083 ||| Stepping ~*~*~tactically~*~*~ (hiding).
  6114 | D:7      | Found an iron altar of Okawaru.
  6115 | D:7      | 6115 ||| PLANNING OKAWARU WORSHIP
  6142 | D:7      | Became a worshipper of Warmaster Okawaru
  6142 | D:7      | 6142 ||| PLANNING D:1-11
  6211 | D:7      | Identified the +10 trident "Mal Zurph" {flame, rN++}
  6212 | D:7      | 6212 ||| Stepping ~*~*~tactically~*~*~ (hiding).
  6245 | D:7      | 6245 ||| Stepping ~*~*~tactically~*~*~ (stealth).
  6249 | D:7      | 6249 ||| Stepping ~*~*~tactically~*~*~ (stealth).
  6263 | D:7      | 6263 ||| Stepping ~*~*~tactically~*~*~ (stealth).
  6264 | D:7      | 6264 ||| Stepping ~*~*~tactically~*~*~ (stealth).
  6265 | D:7      | 6265 ||| Stepping ~*~*~tactically~*~*~ (stealth).
  6688 | D:7      | Found a radiant altar of Vehumet.
  6737 | D:7      | 6737 ||| Stepping ~*~*~tactically~*~*~ (stealth).
  6763 | D:7      | 6763 ||| Stepping ~*~*~tactically~*~*~ (hiding).
  6951 | D:7      | 6951 ||| READING 2 scrolls of identify.
  6951 | D:7      | 6951 ||| IDENTIFYING grey potion
  6952 | D:7      | 6952 ||| DROPPING potion of degeneration.
  6979 | D:8      | 6979 ||| STAIRDANCE
  7092 | D:8      | 7092 ||| STAIRDANCE
  7118 | D:8      | 7118 ||| STAIRDANCE
  7237 | D:8      | 7237 ||| STAIRDANCE
  7242 | D:7      | Reached * piety under Okawaru
  7330 | D:8      | 7330 ||| Stepping ~*~*~tactically~*~*~ (hiding).
  7331 | D:8      | 7331 ||| Stepping ~*~*~tactically~*~*~ (hiding).
  7332 | D:8      | 7332 ||| Stepping ~*~*~tactically~*~*~ (hiding).
  7345 | D:8      | 7345 ||| Stepping ~*~*~tactically~*~*~ (stealth).
  7349 | D:8      | 7349 ||| Stepping ~*~*~tactically~*~*~ (hiding).
  7351 | D:8      | 7351 ||| INVOKING Heroism.
  7354 | D:8      | 7354 ||| Stepping ~*~*~tactically~*~*~ (hiding).
  7355 | D:8      | 7355 ||| Stepping ~*~*~tactically~*~*~ (hiding).
  7356 | D:8      | 7356 ||| Stepping ~*~*~tactically~*~*~ (hiding).
  7357 | D:8      | 7357 ||| Stepping ~*~*~tactically~*~*~ (hiding).
  7358 | D:8      | 7358 ||| Stepping ~*~*~tactically~*~*~ (hiding).
  7359 | D:8      | 7359 ||| Stepping ~*~*~tactically~*~*~ (hiding).
  7500 | D:8      | Reached skill level 1 in Invocations
  7586 | D:8      | Found an opulent altar of Gozag.
  7627 | D:8      | Found a bloodstained altar of Trog.
  7679 | D:8      | 7679 ||| Stepping ~*~*~tactically~*~*~ (stealth).
  7681 | D:8      | 7681 ||| Stepping ~*~*~tactically~*~*~ (stealth).
  7825 | D:8      | 7825 ||| UPGRADING to +2 chain mail of cold resistance.
  7835 | D:8      | 7835 ||| UPGRADING to +1 pair of gloves of infusion.
  7840 | D:8      | 7840 ||| UPGRADING to amulet of reflection.
  7845 | D:8      | 7845 ||| READING scroll labelled DIUCEA EHYI.
  7949 | D:9      | Found a broken altar of Ashenzari.
  8214 | D:9      | Noticed a two-headed ogre
  8215 | D:9      | 8215 ||| INVOKING Heroism.
  8219 | D:9      | Killed a two-headed ogre
  8220 | D:9      | Reached skill level 11 in Axes
  8220 | D:9      | Reached skill level 3 in Invocations
  8344 | D:9      | 8344 ||| Stepping ~*~*~tactically~*~*~ (hiding).
  8345 | D:9      | 8345 ||| Stepping ~*~*~tactically~*~*~ (hiding).
  8446 | D:9      | 8446 ||| READING 2 scrolls of identify.
  8446 | D:9      | 8446 ||| IDENTIFYING fuming golden potion
  8447 | D:9      | 8447 ||| DROPPING potion of berserk rage.
  8473 | D:10     | Entered Level 10 of the Dungeon
  8496 | D:10     | 8496 ||| Stepping ~*~*~tactically~*~*~ (hiding).
  8551 | D:10     | 8551 ||| Stepping ~*~*~tactically~*~*~ (hiding).
  8554 | D:10     | 8554 ||| Stepping ~*~*~tactically~*~*~ (hiding).
  8561 | D:10     | Reached ** piety under Okawaru
  8842 | D:10     | 8842 ||| Stepping ~*~*~tactically~*~*~ (hiding).
  8843 | D:10     | 8843 ||| Stepping ~*~*~tactically~*~*~ (hiding).
  8844 | D:10     | 8844 ||| Stepping ~*~*~tactically~*~*~ (hiding).
  8846 | D:10     | 8846 ||| Stepping ~*~*~tactically~*~*~ (hiding).
  8892 | D:10     | 8892 ||| Stepping ~*~*~tactically~*~*~ (hiding).
  9150 | D:10     | Found an ancient bone altar of Kikubaaqudgha.
  9352 | D:10     | Found a staircase to the Lair.
  9529 | D:10     | 9529 ||| PLANNING LAIR
  9529 | D:10     | 9529 ||| READING scroll labelled KITIAC DYFA.
  9578 | Lair:1   | Entered Level 1 of the Lair of Beasts
  9766 | Lair:1   | 9766 ||| INVOKING Heroism.
  9786 | Lair:1   | Reached skill level 9 in Fighting
  9799 | Lair:1   | Reached XP level 12. HP: 68/76 MP: 0/15
  9800 | Lair:1   | Reached *** piety under Okawaru
  9821 | Lair:1   | 9821 ||| FLEEEEING.
 10028 | Lair:1   | 10028 ||| INVOKING Heroism.
 10030 | Lair:1   | Reached skill level 12 in Axes
 10251 | Lair:1   | 10251 ||| Stepping ~*~*~tactically~*~*~ (stealth).
 10279 | Lair:1   | Reached skill level 6 in Shields
 10365 | Lair:1   | 10365 ||| INVOKING Heroism.
 10471 | Lair:1   | Reached **** piety under Okawaru
 10744 | Lair:1   | 10744 ||| READING 2 scrolls of identify.
 10744 | Lair:1   | 10744 ||| IDENTIFYING lumpy brown potion
 10745 | Lair:1   | 10745 ||| DROPPING potion of flight.
 10797 | Lair:2   | Found a transporter.
 10818 | Lair:2   | Noticed a rakshasa
 10820 | Lair:2   | Found a one-way gate to the infinite horrors of the Abyss.
 10820 | Lair:2   | Noticed qw's ghost (journeyman GrFi)
 10820 | Lair:2   | Noticed a hell hog
 10875 | Lair:2   | Found a staircase to the Snake Pit.
 10876 | Lair:2   | 10876 ||| Stepping ~*~*~tactically~*~*~ (stealth).
 10886 | Lair:2   | 10886 ||| Stepping ~*~*~tactically~*~*~ (stealth).
 11222 | Lair:2   | Found a transporter.
 11245 | Lair:2   | Noticed a sun demon
 11300 | Lair:2   | 11300 ||| Stepping ~*~*~tactically~*~*~ (stealth).
 11324 | Lair:2   | 11324 ||| Stepping ~*~*~tactically~*~*~ (stealth).
 11394 | Lair:2   | 11394 ||| Stepping ~*~*~tactically~*~*~ (stealth).
 11398 | Lair:2   | Found a staircase to the Swamp.
 11529 | Lair:2   | Reached skill level 6 in Invocations
 11540 | Lair:2   | 11540 ||| Stepping ~*~*~tactically~*~*~ (stealth).
 11551 | Lair:2   | Reached ***** piety under Okawaru
 11557 | Lair:2   | Received a gift from Okawaru
 11671 | Lair:2   | 11671 ||| INVOKING Heroism.
 12004 | Lair:2   | 12004 ||| DRINKING 2 bubbling brown potions.
 12005 | Lair:2   | 12005 ||| READING 2 scrolls of identify.
 12005 | Lair:2   | 12005 ||| IDENTIFYING bubbling emerald potion
 12022 | Lair:3   | Noticed a death yak
 12023 | Lair:3   | 12023 ||| INVOKING Heroism.
 12023 | Lair:3   | Noticed a death yak
 12024 | Lair:3   | 12024 ||| INVOKING Finesse.
 12028 | Lair:3   | Noticed a death yak
 12030 | Lair:3   | Noticed a death yak
 12031 | Lair:3   | Noticed a death yak
 12034 | Lair:3   | Killed a death yak
 12035 | Lair:3   | Noticed a death yak
 12040 | Lair:3   | Killed a death yak
 12047 | Lair:3   | Killed a death yak
 12048 | Lair:3   | Reached XP level 13. HP: 82/82 MP: 3/18
 12066 | Lair:3   | Identified the +3 chain mail of Mauhoto {+Inv rC++}
                  | (Okawaru gifted it to you on level 3 of the Lair of Beasts)
 12066 | Lair:3   | Received a gift from Okawaru
 12067 | Lair:3   | Reached skill level 13 in Axes
 12302 | Lair:3   | 12302 ||| INVOKING Heroism.
 12304 | Lair:3   | 12304 ||| INVOKING Finesse.
 12461 | Lair:3   | 12461 ||| Stepping ~*~*~tactically~*~*~ (stealth).
 12476 | Lair:3   | 12476 ||| INVOKING Heroism.
 12671 | Lair:3   | 12671 ||| Stepping ~*~*~tactically~*~*~ (stealth).
 12686 | Lair:3   | Reached skill level 9 in Invocations
 12746 | Lair:3   | 12746 ||| INVOKING Heroism.
 13194 | Lair:3   | 13194 ||| UPGRADING to +3 chain mail of Mauhoto {+Inv
                  | rC++}.
 13204 | Lair:3   | 13204 ||| DROPPING +2 chain mail of cold resistance.
 13205 | Lair:3   | 13205 ||| READING scroll labelled MUN BONAWOFUGO.
 13206 | Lair:3   | 13206 ||| READING 2 scrolls of identify.
 13206 | Lair:3   | 13206 ||| IDENTIFYING pink potion
 13258 | Lair:4   | 13258 ||| INVOKING Heroism.
 13265 | Lair:4   | 13265 ||| INVOKING Finesse.
 13378 | Lair:4   | Found a staircase to the Slime Pits.
 13379 | Lair:4   | Found a viscous altar of Jiyva.
 13381 | Lair:4   | 13381 ||| Stepping ~*~*~tactically~*~*~ (stealth).
 13400 | Lair:4   | 13400 ||| Stepping ~*~*~tactically~*~*~ (stealth).
 13477 | Lair:4   | 13477 ||| READING scroll of enchant weapon.
 13477 | Lair:4   | 13477 ||| ENCHANTING +4 spectral war axe.
 13569 | Lair:4   | 13569 ||| Stepping ~*~*~tactically~*~*~ (stealth).
 13603 | Lair:4   | 13603 ||| Stepping ~*~*~tactically~*~*~ (stealth).
 13604 | Lair:4   | 13604 ||| Stepping ~*~*~tactically~*~*~ (stealth).
 13612 | Lair:4   | 13612 ||| Stepping ~*~*~tactically~*~*~ (stealth).
 13613 | Lair:4   | 13613 ||| Stepping ~*~*~tactically~*~*~ (stealth).
 13616 | Lair:4   | 13616 ||| Stepping ~*~*~tactically~*~*~ (stealth).
 13742 | Lair:4   | 13742 ||| Stepping ~*~*~tactically~*~*~ (stealth).
 13749 | Lair:4   | Received a gift from Okawaru
 13797 | Lair:4   | 13797 ||| Stepping ~*~*~tactically~*~*~ (stealth).
 13845 | Lair:4   | Reached skill level 14 in Axes
 13862 | Lair:4   | 13862 ||| Stepping ~*~*~tactically~*~*~ (stealth).
 13863 | Lair:4   | 13863 ||| Stepping ~*~*~tactically~*~*~ (stealth).
 13866 | Lair:4   | 13866 ||| Stepping ~*~*~tactically~*~*~ (stealth).
 13867 | Lair:4   | 13867 ||| INVOKING Heroism.
 13870 | Lair:4   | 13870 ||| Stepping ~*~*~tactically~*~*~ (hiding).
 13976 | Lair:4   | 13976 ||| Stepping ~*~*~tactically~*~*~ (hiding).
 13997 | Lair:4   | 13997 ||| INVOKING Heroism.
 13998 | Lair:4   | 13998 ||| INVOKING Finesse.
 14000 | Lair:4   | 14000 ||| SWAPPING to +2 hand axe of flaming.
 14005 | Lair:4   | 14005 ||| SWAPPING to +5 spectral war axe.
 14527 | Lair:4   | 14527 ||| UPGRADING to ring of see invisible.
 14577 | Lair:5   | Entered Level 5 of the Lair of Beasts
 14640 | Lair:5   | Gained mutation: Your large and strong wings let you fly.
                  | [Gargoyle growth]
 14640 | Lair:5   | Reached XP level 14. HP: 84/90 MP: 14/21
 14676 | Lair:5   | Received a gift from Okawaru
 14964 | Lair:5   | 14964 ||| Stepping ~*~*~tactically~*~*~ (stealth).
 14988 | Lair:5   | 14988 ||| Stepping ~*~*~tactically~*~*~ (stealth).
 15044 | Lair:5   | 15044 ||| Stepping ~*~*~tactically~*~*~ (stealth).
 15146 | Lair:5   | 15146 ||| Stepping ~*~*~tactically~*~*~ (hiding).
 15281 | Lair:5   | 15281 ||| Stepping ~*~*~tactically~*~*~ (hiding).
 15294 | Lair:5   | Reached skill level 15 in Axes
 15442 | Lair:5   | 15442 ||| Stepping ~*~*~tactically~*~*~ (stealth).
 15443 | Lair:5   | 15443 ||| Stepping ~*~*~tactically~*~*~ (stealth).
 15450 | Lair:5   | Reached skill level 3 in Dodging
 15502 | Lair:5   | Received a gift from Okawaru
 15524 | Lair:5   | 15524 ||| INVOKING Heroism.
 15612 | Lair:5   | Found a corrupted altar of Lugonu.
 15808 | Lair:5   | 15808 ||| INVOKING Heroism.
 15809 | Lair:5   | 15809 ||| Stepping ~*~*~tactically~*~*~ (stealth).
 15810 | Lair:5   | 15810 ||| Stepping ~*~*~tactically~*~*~ (stealth).
 15811 | Lair:5   | 15811 ||| INVOKING Finesse.
 15821 | Lair:5   | Reached skill level 12 in Fighting
 15842 | Lair:5   | Received a gift from Okawaru
 16133 | Lair:5   | 16133 ||| Stepping ~*~*~tactically~*~*~ (stealth).
 16160 | Lair:5   | 16160 ||| Stepping ~*~*~tactically~*~*~ (stealth).
 16161 | Lair:5   | 16161 ||| Stepping ~*~*~tactically~*~*~ (stealth).
 16162 | Lair:5   | 16162 ||| Stepping ~*~*~tactically~*~*~ (stealth).
 16163 | Lair:5   | 16163 ||| Stepping ~*~*~tactically~*~*~ (stealth).
 16164 | Lair:5   | 16164 ||| Stepping ~*~*~tactically~*~*~ (stealth).
 16166 | Lair:5   | 16166 ||| Stepping ~*~*~tactically~*~*~ (stealth).
 16509 | Lair:5   | 16509 ||| PLANNING D:1-11
 16509 | Lair:5   | 16509 ||| DROPPING ring of see invisible.
 16510 | Lair:5   | 16510 ||| UPGRADING to +4 ring of protection.
 16698 | D:11     | 16698 ||| Stepping ~*~*~tactically~*~*~ (hiding).
 16699 | D:11     | 16699 ||| Stepping ~*~*~tactically~*~*~ (hiding).
 16762 | D:11     | 16762 ||| Stepping ~*~*~tactically~*~*~ (stealth).
 16790 | D:11     | Received a gift from Okawaru
 16792 | D:11     | 16792 ||| INVOKING Heroism.
 16892 | D:11     | 16892 ||| Stepping ~*~*~tactically~*~*~ (hiding).
 16901 | D:11     | Reached skill level 3 in Throwing
 17038 | D:11     | 17038 ||| Stepping ~*~*~tactically~*~*~ (hiding).
 17048 | D:11     | 17048 ||| FLEEEEING.
 17104 | D:11     | 17104 ||| INVOKING Heroism.
 17105 | D:11     | 17105 ||| INVOKING Finesse.
 17267 | D:11     | Found a runed translucent gate.
 17267 | D:11     | Found a runed translucent gate.
 17269 | D:11     | Found a runed translucent gate.
 17272 | D:11     | Noticed qw's ghost (journeyman GrFi)
 17532 | D:11     | Noticed Erolcha
 17533 | D:11     | 17533 ||| INVOKING Heroism.
 17534 | D:11     | 17534 ||| INVOKING Finesse.
 17540 | Abyss:1  | Cast into level 1 of the Abyss (Erolcha)
 17590 | Abyss:1  | 17590 ||| Stepping ~*~*~tactically~*~*~ (stealth).
 17593 | Abyss:1  | 17593 ||| Stepping ~*~*~tactically~*~*~ (hiding).
 17595 | Abyss:1  | 17595 ||| Stepping ~*~*~tactically~*~*~ (hiding).
 17617 | Abyss:1  | 17617 ||| Stepping ~*~*~tactically~*~*~ (stealth).
 17714 | Abyss:1  | 17714 ||| Stepping ~*~*~tactically~*~*~ (hiding).
 17716 | Abyss:1  | 17716 ||| Stepping ~*~*~tactically~*~*~ (hiding).
 17734 | Abyss:1  | 17734 ||| Stepping ~*~*~tactically~*~*~ (stealth).
 17735 | Abyss:1  | 17735 ||| Stepping ~*~*~tactically~*~*~ (stealth).
 17736 | Abyss:1  | 17736 ||| Stepping ~*~*~tactically~*~*~ (stealth).
 17737 | Abyss:1  | 17737 ||| Stepping ~*~*~tactically~*~*~ (stealth).
 17740 | Abyss:1  | Noticed an ophan
 17743 | Abyss:1  | 17743 ||| DROPPING +1 leather armour of Sophism {rCorr
                  | Str+2 Stlth+}.
 17744 | Abyss:1  | 17744 ||| INVOKING Heroism.
 17746 | Abyss:1  | 17746 ||| Stepping ~*~*~tactically~*~*~ (hiding).
 17751 | Abyss:1  | Killed from afar by an ophan

Levels and vault maps discovered:
D:1:      dpeg_arrival_rhombi, layout_rooms
D:2:      layout_basic, basic_altar, uniq_natasha
D:3:      layout_basic, grunt_temple_overflow_order_and_chaos_2,
          mainiacjoe_overflow_catwalk, ebering_ghost_inner_flame
D:4:      layout_basic, elyvilon_altar_5, chequers_ossuary_entry_cave
D:5:      layout_basic, fedhas_altar_2, lemuel_round_altar,
          mainiacjoe_overflow_chevrons, gammafunk_temple_overflow_statue,
          minmay_temple_entry_trees, uniq_pikel, uniq_menkaure
D:6:      minmay_opposing_rooms, layout_cave_pods, tgw_xom
D:7:      layout_basic, nicolae_vehumet_radiance,
          mainiacjoe_overflow_surrounded_room
D:8:      layout_cave_pools, nicolae_gozag_seed_capital,
          mainiacjoe_overflow_six_doors_small
D:9:      layout_roguey, lemuel_tele_altar, lemuel_flame_loot_1
D:10:     layout_stronghold, lemuel_zombie_altar_kikubaaqudgha, lair_entry_dummy
D:11:     layout_loops_ring, gammafunk_ghost_necromancy, uniq_sonja,
          uniq_erolcha, uniq_nergalle
Temple:   hellmonk_temple_flake
Lair:1:   layout_loops_ring, grunt_megastairs_2, lemuel_fruit_fields
Lair:2:   layout_gridlike, minmay_swamp_entry_swarm,
          minmay_snake_entry_six_corridors, gammafunk_ghost_abyssal_escape,
          infiniplex_staircase_pool
Lair:3:   layout_small_grid, minivault_26, grunt_megastairs_5
Lair:4:   layout_roguey [special_room_mythical_zoo], slime_entry_1,
          chequers_serial_rivers_micro_b, serial_bayou_ford_a, lemuel_fruit_tree
Lair:5:   hellmonk_lair_end_abyssal_woods, layout_misc_corridors,
          serial_bayou_shore_b
Abyss:1:  base:
D:7

Skill      XL: |  1  2  3  4  5  6  7  8  9 10 11 12 13 14 |
---------------+-------------------------------------------+-----
Axes           | 2 3 4 5 7 10 11 12 14 15 | 15.6
Throwing       | 1 2 3 |  3.8
Fighting       | 4 7 8 9 10 11 12 | 12.0
Armour         | 4 5 6 13 | 13.0
Dodging        | 1 2 3 |  3.0
Shields        | 4 5 6 7 |  7.5
Invocations    | 4 7 10 | 10.0

Action                     |  1- 3 |  4- 6 |  7- 9 | 10-12 | 13-15 || total
---------------------------+-------+-------+-------+-------+-------++-------
  Melee: War axe           |   118 |   167 |   164 |   313 |   498 ||  1260
         Kick              |       |       |     7 |       |       ||     7
         Hand axe          |       |       |       |       |     4 ||     4
  Throw: Boomerang         |       |    58 |    61 |    76 |    52 ||   247
         Javelin           |       |       |       |       |    13 ||    13
 Invoke: Heroism           |       |       |       |     7 |    12 ||    19
         Finesse           |       |       |       |     1 |     6 ||     7
    Use: Scroll            |     3 |     6 |     7 |     7 |     3 ||    26
         Potion            |       |       |     7 |     3 |       ||    10
   Stab: Distracted        |       |       |       |     1 |     7 ||     8
 Armour: Scale mail        |    74 |    10 |       |       |       ||    84
         Plate armour      |       |    83 |    99 |    80 |       ||   262
         Chain mail        |       |       |       |    62 |   151 ||   213
  Dodge: Dodged            |    68 |    32 |    25 |    61 |    76 ||   262
  Block: Buckler           |    30 |    20 |    19 |    84 |   128 ||   281
         Reflection        |       |       |       |     2 |     6 ||     8

Table legend:
 A = Non-vault XP
 B = Vault XP
 C = Vault XP percentage of total XP
 D = Non-vault monster count
 E = Vault monster count
 F = Vault count percentage of total count
                 A         B        C        D         E       F
            +---------+---------+-------+---------+---------+-------
      Total |   52191 |   26183 |  33.4 |     335 |     151 |  31.1
            +---------+---------+-------+---------+---------+-------
        D:1 |      49 |       0 |   0.0 |      28 |       0 |   0.0
        D:2 |     118 |      36 |  23.4 |      18 |       1 |   5.3
        D:3 |      58 |       0 |   0.0 |      20 |       0 |   0.0
        D:4 |     143 |       0 |   0.0 |      10 |       0 |   0.0
        D:5 |     579 |     779 |  57.4 |      17 |       2 |  10.5
        D:6 |    1449 |    1387 |  48.9 |      35 |      16 |  31.4
        D:7 |    1709 |       0 |   0.0 |      37 |       0 |   0.0
        D:8 |    1775 |       0 |   0.0 |      20 |       0 |   0.0
        D:9 |    1417 |       0 |   0.0 |       4 |       0 |   0.0
       D:10 |    1276 |       6 |   0.5 |      10 |       3 |  23.1
       D:11 |    4183 |       0 |   0.0 |      16 |       0 |   0.0
     Lair:1 |    3544 |    3663 |  50.8 |      22 |      12 |  35.3
     Lair:2 |    3184 |    3200 |  50.1 |       9 |      14 |  60.9
     Lair:3 |   10604 |       0 |   0.0 |      19 |       0 |   0.0
     Lair:4 |    7226 |    5593 |  43.6 |      31 |      25 |  44.6
     Lair:5 |   13951 |   11170 |  44.5 |      31 |      41 |  56.9
    Abyss:1 |     926 |       0 |   0.0 |       8 |       0 |   0.0
    Ossuary |       0 |     349 | 100.0 |       0 |      37 | 100.0
            +---------+---------+-------+---------+---------+-------
